cohdb
Replays
Latest Replays
All Replays
Popular Replays
Top Player Replays
Match Explorer
How It Works
Community
CoH3 Stats
Reddit
Sign in to upload your games and track your stats! →
Sign in with Steam
Match 37849577
Unlisted
Match 37849577
Overview
Messages
Build Orders
End
Kradschützen Motorcycle Team
Panzergrenadier Squad
Panzergrenadier Squad
Construct Light Support Kompanie
2.5-tonne Medical Truck
Fire Support Elements
Selects Armored Support Battlegroup
Selects Salvage Kits
Veteran Squad Leaders
Panzerjäger Mechanized Group
Combat Half-tracks
Flakvierling Half-track
Selects Veteran Gunners
Vehicle Survival Package
Pak 38 Anti-tank Gun Team
le.IG 18 Support Gun Team
Panzerjäger Mechanized Group
Assault Grenadier Squad
Selects Panzer Storm
AI Takeover
Kwarzym
JRocinante
Machoman
Dahlian
Random_Target
Turtleboy
0
0
Comments
sign in to comment!
No comments posted yet!